 Dungeon Crawl Stone Soup version 0.25-a0-458-g6fc7858 (webtiles) character file.

Game seed: 890431196167918998, levelgen mode: deterministic

85540 relicbr the Lord of Darkness (level 15, -44/120 HPs)
             Began as a Demonspawn Necromancer on Jan 31, 2020.
             Was the Champion of Kikubaaqudgha.
             Annihilated by a titanic slime creature (65 damage)
             ... on level 13 of the Dungeon on Feb 2, 2020.
             The game lasted 01:59:01 (35222 turns).

relicbr the Lord of Darkness (DsNe)                Turns: 35222, Time: 01:59:01

Health: -44/120    AC: 10    Str: 12    XL:     15   Next: 38%
Magic:  4/41       EV: 11    Int: 25    God:    Kikubaaqudgha [******]
Gold:   1830       SH:  4    Dex: 15    Spells: 27/40 levels left

rFire    + . .     SeeInvis .   b - +0 morningstar "Loelod" {vamp, MR+}
rCold    . . .     Gourm    .   (no shield)
rNeg     . . .     Faith    .   U - +0 ring mail "Duoqitoc" {rElec rPois MR+ Int+4}
rPois    +         Spirit   .   (no helmet)
rElec    +         Reflect  +   M - scarf {repulsion}
rCorr    .         Harm     .   (gloves unavailable)
MR       +++..                  j - +0 pair of boots
Stlth    +.........             Q - +4 amulet of reflection
HPRegen  0.30/turn              I - +3 ring of strength
MPRegen  0.27/turn              v - ring of magical power

@: lightly drained, repel missiles
A: claws 3, rugged brown scales 2, fire resistance 1, spiny 3, flame cloud
immunity
a: Receive Corpses, Torment, Brand Weapon With Pain, Receive Necronomicon,
Renounce Religion


You were on level 13 of the Dungeon.
You worshipped Kikubaaqudgha.
Kikubaaqudgha was exalted by your worship.
You were hungry.

You visited 4 branches of the dungeon, and saw 22 of its levels.
You also visited: Sewer.

You collected 2247 gold pieces.
You spent 417 gold pieces at shops.

Inventory:

Hand Weapons
 a - a +1 war axe of flaming
 b - the +0 morningstar "Loelod" (weapon) {vamp, MR+}
   (You found it on level 4 of the Lair of Beasts)

   It inflicts no extra harm, but heals its wielder when it wounds a living foe.
   It affects your resistance to hostile enchantments.
Missiles
 K - 40 poisoned darts (quivered)
 N - 2 throwing nets
Armour
 j - a +0 pair of boots (worn)
 p - a scarf of spirit shield
 M - a scarf of repulsion (worn)
 U - the +0 ring mail "Duoqitoc" (worn) {rElec rPois MR+ Int+4}
   (You found it on level 2 of the Lair of Beasts)

   It affects your intelligence (+4).
   It insulates you from electricity.
   It protects you from poison.
   It affects your resistance to hostile enchantments.
   If you remove this armour, your AC will fall 7 points (10 -> 3)
Jewellery
 v - a ring of magical power (right claw)
 z - an uncursed amulet of the gourmand
 I - a +3 ring of strength (left claw)
 Q - a +4 amulet of reflection (around neck)
 S - an uncursed ring of protection from magic
Wands
 m - a wand of scattershot (7)
 n - a wand of digging (1)
 x - a wand of paralysis (46)
 F - a wand of acid (1)
 T - a wand of disintegration (28)
Scrolls
 g - 7 scrolls of remove curse
 h - 3 scrolls of summoning {unknown}
 r - a scroll of noise {unknown}
 s - 2 scrolls of acquirement {unknown}
 w - a scroll of torment {unknown}
 J - 6 scrolls of teleportation
Potions
 e - 6 potions of heal wounds
 f - 5 potions of flight
 i - 6 potions of curing
 k - 2 potions of agility {unknown}
 l - a potion of might
 o - a potion of resistance {unknown}
Comestibles
 c - 40 rations


   Skills:
 - Level 10.0(9.7) Fighting
 - Level 10.0(9.7) Armour
 - Level 1.7(1.5) Dodging
 - Level 1.7(1.5) Stealth
 - Level 1.1(0.8) Unarmed Combat
 - Level 13.4(13.1) Spellcasting
 * Level 19.2(18.8) Necromancy


You had 27 spell levels left.
You knew the following spells:

 Your Spells              Type           Power        Failure   Level  Hunger
a - Pain                  Necr           ####         0%          1    None
b - Vampiric Draining     Necr           #######...   0%          3    None
c - Agony                 Necr           #######.     1%          5    ###....
d - Dispel Undead         Necr           #######.     1%          4    None

Your spell library contained the following spells:

 Spells                   Type           Power        Failure   Level  Hunger
 Animate Skeleton         Necr           N/A          0%          1    None
 Sublimation of Blood     Necr           #######...   0%          2    None
 Corpse Rot               Necr/Air       N/A          1%          2    None
 Animate Dead             Necr           N/A          1%          4    None
 Death Channel            Necr           #######...   1%          6    #####..
 Borgnjor's Vile Clutch   Necr/Erth      ######....   4%          5    ###....
 Corona                   Hex            ###....      7%          1    None
 Mephitic Cloud           Conj/Pois/Air  ###.....     21%         3    None
 Cause Fear               Hex            ###.......   56%         4    None
 Lightning Bolt           Conj/Air       ###.......   88%         5    ###....
 Deflect Missiles         Chrm/Air       ###.......   100%        6    #####..


Dungeon Overview and Level Annotations

Branches:
Dungeon (13/15)            Temple (1/1) D:4            Lair (6/6) D:11
  Swamp (0/4) Lair:2        Snake (0/4) Lair:3        Slime (0/5) Lair:5
    Orc (2/2) D:9             Elf (0/3) Orc:2        Vaults (0/5) D:13
  Sewer (visited)

Altars:
Ashenzari
Cheibriados
Dithmenos
Elyvilon
Fedhas
Gozag
Hepliaklqana
Kikubaaqudgha
Makhleb
Nemelex Xobeh
Okawaru
Qazlal
Ru
Sif Muna
Trog
Uskayaw
Vehumet
Wu Jian
Xom
Yredelemnul
Zin
The Shining One
Beogh

Shops:
D:9 *   Orc:1 *   Orc:2 [((%[

Annotations:
D:9 exclusion: statue


Innate Abilities, Weirdness & Mutations

You have claws for hands.
You are mostly covered in rugged brown scales. (AC +2, +5% HP)
Your flesh is heat resistant. (rF+)
You are completely covered in sharp spines.
You are immune to clouds of flame.


Message History

Aiming: Vampiric Draining (safe; 0% risk of failure)
Press: ? - help, Shift-Dir - straight line, f/p - titanic slime creature
Aim: a titanic slime creature (almost dead)
The titanic slime creature is almost dead.
You feel life coursing into your body.
The titanic slime creature is struck by your spines.
The titanic slime creature barely misses you.
Casting: Vampiric Draining (safe; 0% risk of failure)
Confirm with . or Enter, or press ? or * to list all spells.
Aiming: Vampiric Draining (safe; 0% risk of failure)
Press: ? - help, Shift-Dir - straight line, f/p - titanic slime creature
Aim: a titanic slime creature (almost dead)
The titanic slime creature is almost dead.
You feel life coursing into your body. The titanic slime creature hits you!!!
* * * LOW HITPOINT WARNING * * *
The titanic slime creature is struck by your spines.
The titanic slime creature hits you!!!
Ouch! That really hurt!
You die...
Kikubaaqudgha rasps: "You have failed me!
Welcome... death!"

#####.#)....#.###................
# #.#..................#.......
.. #.#.....#.##.........#.......
## #.#.....#.........##.#.......
#.#..>..#####.###.##.#.......
#.#......[.....##.##.#.......
#....................#.......
#.####....##########[######..##.
.............JJ@....<.....##.##.
##.#####.#################.##.##.
...J((...# #.##.##. .##.######
#.##..#. #.###.#. #.# #...
#.####.. #....... #######.


You could see a titanic slime creature and a slime creature.

Vanquished Creatures
  2 dire elephants (Lair:6)
  The ghost of Gunch the Unseen, a journeyman SpAs of Dithmenos (Lair:2)
  The ghost of Keawaceu the Destroyer, a journeyman DrCj of Vehumet (Lair:2)
  An ettin (Orc:2)
  A fire dragon (Lair:6)
  A vault guard (D:13)
  Harold (D:9)
  3 hydras
  Erica (D:8)
  2 centaur warriors
  3 catoblepae
  7 death yaks
  2 ogre magi (Orc:2)
  12 two-headed ogres
  2 orc high priests
  4 unseen horrors
  The ghost of Zonian the Infuser, a novice SpSk of Dithmenos (D:8)
  2 deep trolls (Orc:2)
  A swamp dragon (Lair:6)
  2 lindwurms (Lair:6)
  An oklob plant (Lair:6)
  An orc sorcerer (Orc:2)
  5 ugly things
  4 cyclopes
  4 slime creatures (D:12)
  4 manticores
  2 elephants (Lair:6)
  Joseph (D:9)
  8 spiny frogs
  6 black mambas
  2 centaur zombies
  Maggie (D:6)
  7 rime drakes
  8 komodo dragons
  14 trolls
  2 polar bears
  2 hornets
  25 blink frogs
  A bog body (Lair:2)
  2 dream sheep (Lair:6)
  8 hippogriffs
  A vampire (D:12)
  A wraith (D:10)
  38 yaks
  2 wyverns
  4 basilisks
  3 fire bats (Lair:1)
  A steam dragon (Lair:6)
  5 vampire mosquitoes
  A hungry ghost (D:12)
  4 wargs
  An acid dragon (Lair:6)
  5 insubstantial wisps (Lair:4)
  27 water moccasins
  Edmund (D:5)
  13 porcupines
  A swamp drake (Lair:6)
  5 sky beasts
  An ice beast (D:13)
  A black bear (D:12)
  13 orc warriors
  29 ogres
  2 eyes of draining (D:12)
  A phantom (D:10)
  2 necrophages
  15 centaurs
  5 boggarts (D:13)
  10 wolves
  13 crocodiles
  4 big kobolds
  13 bullfrogs
  A gnoll sergeant (D:8)
  8 scorpions
  A water moccasin skeleton (D:12)
  6 killer bees
  5 wights
  4 howler monkeys
  4 electric eels
  10 crimson imps
  2 bullfrog zombies
  7 hounds
  16 orc wizards
  7 orc priests
  3 bullfrog skeletons
  17 jellies
  4 centaur skeletons
  6 iguanas
  6 worker ants
  2 hound zombies (D:10)
  A howler monkey zombie (D:8)
  18 gnolls
  9 adders
  7 shadow imps
  5 oozes
  An adder zombie (D:5)
  2 adder skeletons (D:5)
  4 worms
  A dart slug (D:3)
  15 leopard geckos
  73 orcs
  2 ball pythons
  9 giant cockroaches
  4 goblins
  2 hobgoblins
  10 jackals
  7 quokkas
  15 bats
  9 frilled lizards
  A jackal zombie (D:5)
  21 kobolds
  3 leopard gecko skeletons
  3 leopard gecko zombies
  A quokka skeleton (D:6)
  5 rats
717 creatures vanquished.

Vanquished Creatures (others)
  33 fungi
  30 plants
  A withered plant (Lair:2)
64 creatures vanquished.

Grand Total: 781 creatures vanquished

Notes
Turn   | Place    | Note
-------+----------+-------------------------------------------
     0 | D:1      | relicbr the Demonspawn Necromancer began the quest for the
                  | Orb.
     0 | D:1      | Reached XP level 1. HP: 13/13 MP: 3/3
   591 | D:1      | Reached skill level 5 in Necromancy
   591 | D:1      | Gained mutation: You are partially covered in sharp spines.
                  | [demonic ancestry]
   591 | D:1      | Reached XP level 2. HP: 15/19 MP: 0/5
  1345 | D:2      | Reached XP level 3. HP: 23/24 MP: 3/6
  1482 | D:2      | Found a shattered altar of Ashenzari.
  1820 | D:3      | Reached skill level 6 in Necromancy
  1824 | D:3      | Found a blossoming altar of Fedhas.
  2105 | D:3      | Reached XP level 4. HP: 30/30 MP: 7/7
  2187 | D:3      | Learned a level 3 spell: Vampiric Draining
  3044 | D:4      | Found a glowing drain.
  3051 | Sewer    | Entered a sewer
  3329 | Sewer    | Reached skill level 7 in Necromancy
  3329 | Sewer    | Reached XP level 5. HP: 33/35 MP: 4/8
  3771 | Sewer    | Got a pair of ancient gloves
  3785 | Sewer    | Identified the +1 pair of gloves of Zin's Whim {Stlth+}
                  | (You found it in a sewer)
  3950 | D:4      | Found a staircase to the Ecumenical Temple.
  3963 | D:4      | Got a fabulously ornate robe
  3991 | D:4      | Identified the +2 robe "Haham" {rElec Regen+ Dex+3} (You
                  | found it on level 4 of the Dungeon)
  4071 | Temple   | Entered the Ecumenical Temple
  4275 | Temple   | Became a worshipper of Kikubaaqudgha
  4555 | D:5      | Entered Level 5 of the Dungeon
  4564 | D:5      | Reached skill level 8 in Necromancy
  4570 | D:5      | Gained mutation: You have sharp fingernails. [demonic
                  | ancestry]
  4570 | D:5      | Reached XP level 6. HP: 38/41 MP: 4/9
  4693 | D:5      | Found a shadowy altar of Dithmenos.
  4943 | D:5      | Noticed Edmund
  4984 | D:5      | Found a burning altar of Makhleb.
  5017 | D:5      | Killed Edmund
  5017 | D:5      | Reached skill level 9 in Necromancy
  5023 | D:5      | Gained mutation: Your flesh is heat resistant. (rF+)
                  | [demonic ancestry]
  5023 | D:5      | Reached XP level 7. HP: 27/46 MP: 0/10
  5291 | D:5      | Reached * piety under Kikubaaqudgha
  5291 | D:5      | Identified Kikubaaqudgha's Catalogue of Evil (Kikubaaqudgha
                  | gifted it to you on level 5 of the Dungeon)
  5291 | D:5      | Received a gift from Kikubaaqudgha
  5619 | D:5      | Noticed a cacodemon
  6163 | D:6      | Reached skill level 10 in Necromancy
  6341 | D:6      | Noticed Maggie
  6342 | D:6      | Found a sacrificial altar of Ru.
  6407 | D:6      | Killed Maggie
  6407 | D:6      | Gained mutation: You have very sharp fingernails. [demonic
                  | ancestry]
  6407 | D:6      | Reached XP level 8. HP: 19/52 MP: 1/14
  6986 | D:7      | Noticed a hornet
  7002 | D:7      | Killed a hornet
  7002 | D:7      | Reached skill level 5 in Spellcasting
  7419 | D:7      | Learned a level 5 spell: Agony
  7462 | D:7      | Found a shattered altar of Ashenzari.
  8201 | D:8      | Reached XP level 9. HP: 53/57 MP: 20/20
  8374 | D:8      | Reached ** piety under Kikubaaqudgha
  8814 | D:8      | Noticed Erica
  9076 | D:8      | Found a runed translucent gate.
  9077 | D:8      | Found a runed translucent gate.
  9078 | D:8      | Found a runed translucent gate.
  9079 | D:8      | Found an opulent altar of Gozag.
  9080 | D:8      | Noticed Zonian's ghost (novice SpSk)
  9081 | D:8      | Noticed a purple ugly thing
  9219 | D:8      | Noticed a two-headed ogre
  9230 | D:8      | Killed a two-headed ogre
  9230 | D:8      | Reached skill level 10 in Spellcasting
  9510 | D:8      | Killed Erica
  9510 | D:8      | Gained mutation: You are mostly covered in sharp spines.
                  | [demonic ancestry]
  9510 | D:8      | Reached XP level 10. HP: 52/70 MP: 5/24
  9665 | D:9      | Found a radiant altar of Vehumet.
 10013 | D:9      | Noticed Joseph
 10035 | D:9      | Killed Joseph
 10035 | D:9      | Reached skill level 5 in Fighting
 10154 | D:9      | Got a thick robe
 10166 | D:9      | Identified the +2 robe of the Postmodern Dreams {rCorr
                  | Str-5 Int+5} (You found it on level 9 of the Dungeon)
 10228 | D:9      | Noticed Harold
 10239 | D:9      | Reached *** piety under Kikubaaqudgha
 10239 | D:9      | Identified Kikubaaqudgha's Handbook of Dark Rites
                  | (Kikubaaqudgha gifted it to you on level 9 of the Dungeon)
 10239 | D:9      | Received a gift from Kikubaaqudgha
 10245 | D:9      | Killed Harold
 10508 | D:9      | Learned a level 4 spell: Dispel Undead
 10794 | D:9      | Found a snail-covered altar of Cheibriados.
 10865 | D:9      | Found a staircase to the Orcish Mines.
 11304 | D:9      | Found a hide-covered altar of Uskayaw.
 11305 | D:9      | Noticed a +0 hand axe
 11305 | D:9      | Noticed a +0 hand axe
 11349 | D:9      | Found Tec Yforph's Assorted Antiques.
 11352 | D:9      | Bought a scroll of teleportation for 72 gold pieces
 11352 | D:9      | Bought a scroll of teleportation for 72 gold pieces
 11352 | D:9      | Bought a scroll of remove curse for 72 gold pieces
 11352 | D:9      | Bought a scroll of enchant armour for 180 gold pieces
 11352 | D:9      | Bought a glowing brown potion for 21 gold pieces
 11439 | D:9      | Upgraded the game from 0.25-a0-448-g1f46b9f to
                  | 0.25-a0-458-g6fc7858
 11467 | D:10     | Entered Level 10 of the Dungeon
 11599 | D:10     | Reached **** piety under Kikubaaqudgha
 11613 | D:10     | Gained mutation: You are partially covered in rugged brown
                  | scales. (AC +1, +3% HP) [demonic ancestry]
 11613 | D:10     | Reached XP level 11. HP: 68/91 MP: 13/25
 11743 | D:10     | Noticed a two-headed ogre
 11754 | D:10     | Killed a two-headed ogre
 11841 | D:10     | Reached skill level 10 in Fighting
 12088 | D:10     | Reached skill level 1 in Unarmed Combat
 12104 | D:10     | Reached skill level 1 in Armour
 12575 | D:11     | Noticed a brown ugly thing
 12586 | D:11     | Killed a brown ugly thing
 12681 | D:11     | Killed an unseen horror
 12922 | D:11     | Reached skill level 5 in Armour
 12973 | D:11     | Noticed a two-headed ogre
 12988 | D:11     | Killed a two-headed ogre
 13274 | D:11     | Found a staircase to the Lair.
 13556 | D:11     | Found a white marble altar of Elyvilon.
 13672 | D:11     | Noticed a white ugly thing
 13687 | D:11     | Killed a white ugly thing
 14293 | Lair:1   | Entered Level 1 of the Lair of Beasts
 14466 | Lair:1   | Gained mutation: You are immune to clouds of flame.
                  | [demonic ancestry]
 14466 | Lair:1   | Reached XP level 12. HP: 91/99 MP: 13/26
 14638 | Lair:1   | Identified the Compendium of Flight and Curses
 14760 | Lair:1   | Reached ***** piety under Kikubaaqudgha
 15060 | Lair:1   | Reached skill level 10 in Armour
 15558 | Lair:2   | Noticed a six-headed hydra
 15745 | Lair:2   | Reached skill level 11 in Necromancy
 15999 | Lair:2   | Killed a six-headed hydra
 16044 | Lair:2   | Got a polished ring mail
 16060 | Lair:2   | Identified the cursed +0 ring mail "Duoqitoc" {rElec rPois
                  | MR+ Int+4} (You found it on level 2 of the Lair of Beasts)
 16258 | Lair:2   | Found a staircase to the Swamp.
 16667 | Lair:2   | Reached skill level 12 in Necromancy
 16757 | Lair:2   | Found a runed translucent gate.
 16757 | Lair:2   | Found a runed translucent gate.
 16761 | Lair:2   | Found a runed translucent gate.
 16762 | Lair:2   | Noticed Gunch's ghost (journeyman SpAs)
 16762 | Lair:2   | Noticed Keawaceu's ghost (journeyman DrCj)
 16789 | Lair:2   | Killed Gunch's ghost
 16793 | Lair:2   | Killed Keawaceu's ghost
 17457 | Lair:2   | Reached skill level 13 in Necromancy
 17773 | Lair:3   | Noticed a seven-headed hydra
 18356 | Lair:3   | Killed a six-headed hydra
 18613 | Lair:3   | Gained mutation: You are mostly covered in rugged brown
                  | scales. (AC +2, +5% HP) [demonic ancestry]
 18613 | Lair:3   | Reached XP level 13. HP: 73/108 MP: 23/27
 19269 | Lair:3   | Found a staircase to the Snake Pit.
 19283 | Lair:3   | Reached skill level 14 in Necromancy
 20208 | Lair:4   | Got a scorched morningstar
 20209 | Lair:4   | Identified the cursed +0 morningstar "Loelod" {vamp, MR+}
                  | (You found it on level 4 of the Lair of Beasts)
 20495 | Lair:4   | Got a pair of heavily runed boots
 20506 | Lair:4   | Identified the cursed +0 pair of boots "Par Dats" {+Blink
                  | MP-9 Str+4 Dex+3} (You found it on level 4 of the Lair of
                  | Beasts)
 21516 | Lair:4   | Reached skill level 15 in Necromancy
 22011 | Lair:5   | Found a staircase to the Slime Pits.
 22536 | Lair:5   | You fall into a shaft and drop 1 floor!
 22536 | Lair:6   | Entered Level 6 of the Lair of Beasts
 22621 | Lair:6   | Found a shimmering altar of Xom.
 23436 | Lair:6   | Reached ****** piety under Kikubaaqudgha
 24336 | Lair:5   | Gained mutation: You are completely covered in sharp
                  | spines. [demonic ancestry]
 24336 | Lair:5   | Reached XP level 14. HP: 86/115 MP: 30/30
 27662 | Lair:6   | Reached skill level 16 in Necromancy
 27823 | Lair:6   | Got a jewelled scimitar
 28431 | D:8      | Killed Zonian's ghost
 29895 | D:12     | Reached skill level 17 in Necromancy
 30144 | Orc:1    | Entered Level 1 of the Orcish Mines
 30144 | Orc:1    | Found Ocoyceli's General Store.
 30312 | Orc:2    | Entered Level 2 of the Orcish Mines
 30312 | Orc:2    | Found Wuesh's Antique Armour Boutique.
 30683 | Orc:2    | Found a staircase to the Elven Halls.
 31222 | Orc:2    | Reached skill level 18 in Necromancy
 31551 | Orc:2    | Gained mutation: You have claws for hands. [demonic
                  | ancestry]
 31551 | Orc:2    | Reached XP level 15. HP: 64/120 MP: 28/32
 32459 | Orc:2    | Found Bakh's Antique Weapon Boutique.
 32461 | Orc:2    | Found Fup Ydeuniso's Weapon Shoppe.
 32639 | Orc:2    | Found Ifaworgh's Armour Shoppe.
 32697 | Orc:2    | Found Fonell's Food Emporium.
 32938 | Orc:1    | Found a roughly hewn altar of Beogh.
 34580 | D:13     | Reached skill level 19 in Necromancy
 35121 | D:13     | Found a gate to the Vaults.
 35222 | D:13     | Annihilated by a titanic slime creature

Levels and vault maps discovered:
D:1:      minmay_arrival_widening_spiral_narrow, layout_basic
D:2:      layout_rooms, evilmike_ruin_ashenzari
D:3:      layout_loops_corners, lemuel_crystal_altar, first_ration
D:4:      layout_basic, minmay_temple_entry_large_hall, gup_sewer_entry_pipe,
          eino_curves_01
D:5:      layout_layer_cave, grunt_dithmenos_smoke, makhleb_altar_promises_db,
          serial_rivers, chequers_serial_rivers_micro_d,
          chequers_serial_rivers_large_a, chequers_serial_rivers_small_b,
          chequers_serial_rivers_micro_e, chequers_serial_rivers_micro_d,
          hex_large, uniq_edmund
D:6:      layout_basic, nicolae_overflow_crystal_walls, uniq_maggie
D:7:      layout_basic, lemuel_doored_altar
D:8:      layout_gridville, ebering_ghost_gozag, grunt_ogre_cave, uniq_erica
D:9:      layout_small_grid, vehumet_statue, dancing_weapons_uskayaw,
          slow_altar_2, david_orc_2, serial_shops, nicolae_shop_behind_doors,
          minmay_misc_feat_tower, uniq_harold, uniq_joseph
D:10:     cheibrodos_helix_gallery, layout_cave_pools, serial_column_ruins,
          column_ruins_open_large, column_ruins_columns_dead_end,
          column_ruins_open_medium, column_ruins_columns_straight,
          column_ruins_open_tiny, kennysheep_small_spiral
D:11:     layout_cave_pods, due_lair_maze_entry_diamond,
          hangedman_abyss_or_decor_lesser_grid, elyvilon_altar_5
D:12:     layout_irregular_city, minmay_misc_feat_roman,
          kennysheep_generic_room_5
D:13:     layout_basic, david_vaults_5, grunt_ministairs_1
Temple:   minmay_temple_curvy_branch
Lair:1:   layout_chaotic_city, nicolae_volcano_entry_batcave, disabler_island,
          grunt_megastairs_5, lemuel_fruit_tree
Lair:2:   layout_regular_city, skrybe_swamp_entry_bodies,
          gammafunk_ghost_cemetery, beast_lair_carwin_7
Lair:3:   layout_regular_city, minmay_snake_entry_six_corridors,
          serial_bayou_shore_a
Lair:4:   layout_cave_pods, pond, infiniplex_staircase_pool, grunt_megastairs_3
Lair:5:   layout_regular_city, minmay_slime_entry_jelly_boxes,
          serial_bayou_pond_c, serial_bayou_shore_b
Lair:6:   guppyfry_lair_end_dragon, layout_regular_city,
          hangedman_lair_in_review, lemuel_oklob_altar
Orc:1:    layout_diamond_mine, basic_altar, serial_shops,
          nicolae_shop_waterfront, mines_bat_river
Orc:2:    st_orc_open, layout_diamond_mine, serial_shops,
          nicolae_shop_overgrown_old_shop, nicolae_orc_damp_corner

Skill      XL: |  1  2  3  4  5  6  7  8  9 10 11 12 13 14 15 |
---------------+----------------------------------------------+-----
Necromancy     | 5 6 7 8 9 10 13 15 18 19 | 19.2
Spellcasting   | 4 7 10 12 13 | 13.4
Fighting       | 3 9 10 | 10.0
Unarmed Combat | 1 |  1.1
Armour         | 8 10 | 10.0
Dodging        | |  1.7
Stealth        | |  1.7

Action                   |  1- 3 |  4- 6 |  7- 9 | 10-12 | 13-15 || total
-------------------------+-------+-------+-------+-------+-------++-------
Melee: Unarmed           |     6 |       |       |       |       ||     6
       Mace              |     4 |       |       |       |       ||     4
       Dagger            |    28 |   116 |    62 |       |       ||   206
       War axe           |     4 |       |   115 |   306 |   183 ||   608
       Spear             |       |     1 |       |       |       ||     1
       Punch             |       |       |       |     2 |     4 ||     6
       Morningstar       |       |       |       |       |   543 ||   543
Throw: Dart              |       |    12 |    44 |   116 |   287 ||   459
       Throwing net      |       |       |       |       |     8 ||     8
 Cast: Pain              |    38 |    63 |    96 |   166 |    77 ||   440
       Vampiric Draining |       |     2 |    26 |   110 |   240 ||   378
       Dispel Undead     |       |       |       |    12 |     5 ||    17
       Agony             |       |       |       |    15 |    60 ||    75
Evoke: Wand              |       |       |     2 |     9 |    10 ||    21
  Use: Potion            |     1 |     1 |     1 |       |       ||     3
       Scroll            |     6 |     4 |     3 |     9 |    12 ||    34
 Stab: Sleeping          |     3 |     5 |     2 |     3 |     4 ||    17
       Distracted        |       |     1 |       |     1 |       ||     2
  Eat: Chunk             |     4 |    11 |    15 |    29 |    44 ||   103
       Ration            |       |       |       |     1 |     4 ||     5
Armor: Robe              |     6 |     8 |    11 |       |       ||    25
       Leather armour    |     2 |    22 |       |       |       ||    24
       Swamp dragon scal |       |       |    71 |   180 |       ||   251
       Ring mail         |       |       |       |    41 |   452 ||   493
Dodge: Dodged            |    37 |    61 |   100 |   253 |   612 ||  1063
       Deflected         |       |       |       |     1 |    43 ||    44
Block: Other             |     3 |    14 |    33 |    64 |   212 ||   326
       Reflection        |       |     1 |     2 |     2 |    12 ||    17

Table legend:
 A = Non-vault XP
 B = Vault XP
 C = Vault XP percentage of total XP
 D = Non-vault monster count
 E = Vault monster count
 F = Vault count percentage of total count
                 A         B        C        D         E       F
            +---------+---------+-------+---------+---------+-------
      Total |   69277 |   52923 |  43.3 |     504 |     213 |  29.7
            +---------+---------+-------+---------+---------+-------
        D:1 |      37 |       0 |   0.0 |      22 |       0 |   0.0
        D:2 |      28 |       0 |   0.0 |       8 |       0 |   0.0
        D:3 |      79 |       0 |   0.0 |      25 |       0 |   0.0
        D:4 |      88 |      23 |  20.7 |       7 |       9 |  56.2
        D:5 |     445 |     149 |  25.1 |      23 |       1 |   4.2
        D:6 |     431 |     370 |  46.2 |      13 |       1 |   7.1
        D:7 |     810 |       0 |   0.0 |      17 |       0 |   0.0
        D:8 |    2437 |    2562 |  51.3 |      39 |       6 |  13.3
        D:9 |    2764 |    1722 |  38.4 |      36 |      11 |  23.4
       D:10 |    3085 |       3 |   0.1 |      21 |       1 |   4.5
       D:11 |    5159 |     889 |  14.7 |      22 |       8 |  26.7
       D:12 |    7166 |    1402 |  16.4 |      62 |       6 |   8.8
       D:13 |    5332 |    3398 |  38.9 |      32 |       9 |  22.0
     Lair:1 |    5027 |    1829 |  26.7 |      22 |      10 |  31.2
     Lair:2 |    4540 |    3430 |  43.0 |      17 |       9 |  34.6
     Lair:3 |    4184 |    1677 |  28.6 |      18 |      11 |  37.9
     Lair:4 |    4129 |    1649 |  28.5 |      13 |      10 |  43.5
     Lair:5 |    4777 |     638 |  11.8 |      15 |      15 |  50.0
     Lair:6 |   12391 |   17271 |  58.2 |      46 |      39 |  45.9
      Orc:1 |    1807 |       9 |   0.5 |      16 |       5 |  23.8
      Orc:2 |    4561 |   15829 |  77.6 |      30 |      37 |  55.2
      Sewer |       0 |      73 | 100.0 |       0 |      25 | 100.0
            +---------+---------+-------+---------+---------+-------
